AoeStats
← 76896859

Arabia

504052553Analyzed
1v1 RM · 28d ago on Sep 3, 2026· 29m 10s· 2 players
Game mode
Random Map
Map size
Tiny (2 player)
Population
200
Speed
Normal
Resources
Standard
Victory
Conquest
Starting age
Dark Age
Ending age
Imperial Age
RankedLock teamsTeams togetherTeam positionsShared explorationLock speedFull tech treeHidden civsTurbo modeCheats
Victory
Defeat
🇦🇷 Poles · Argentina
1051
+17
🇨🇳 Huns · China
1077
-17
RichardTexTex
7:54 Loom
10:15 Feudal Age
11:30 Double-Bit Axe
11:26 Horse Collar
20:09 Wheelbarrow
20:31 Town Watch
23:46 Castle Age
22:19 Forging
22:23 Scale Barding Armor
23:12 Bloodlines
23:14 Gold Mining
25:28 Chain Barding Armor
76896859
7:09 Loom
9:46 Feudal Age
13:13 Wheelbarrow
12:27 Double-Bit Axe
12:24 Horse Collar
23:11 Forging
23:48 Gold Mining
28:03 Castle Age
26:56 Scale Barding Armor
27:03 Bloodlines
Connection lost

Rejoining the realm…

Still unreachable

The connection could not be restored.

Session expired

The server has moved on; the page needs a fresh start.